 Dungeon Crawl Stone Soup version 0.28.0-43-g3370ac3207 (webtiles) character file.

Game seed: 10390421834503720038

3698 mortz the Destroyer (level 9, -7/68 HPs)
             Began as a Yellow Draconian Conjurer on Mar 5, 2022.
             Was an Initiate of Vehumet.
             Killed by divine providence
             ... invoked by an orc priest
              (12 damage)
             ... on level 7 of the Dungeon.
             The game lasted 00:42:41 (8416 turns).

mortz the Destroyer (Yellow Draconian Conjurer)     Turns: 8416, Time: 00:42:41

Health: -7/68      AC:  8    Str: 10    XL:     9   Next: 91%
Magic:  8/28       EV: 17    Int: 23    God:    Vehumet [......]
Gold:   206        SH:  5    Dex:  9    Spells: 8/22 levels left

rFire   . . .      SeeInvis .   c - +4 dagger {short}
rCold   . . .      Faith    .   (no shield)
rNeg    . . .      Spirit   .   (armour unavailable)
rPois   .          Reflect  +   (helmet restricted)
rElec   .          Harm     .   (no cloak)
rCorr   +          Rampage  .   (no gloves)
Will    .....                   y - +0 pair of boots
Stlth   +++.......              a - amulet of reflection
HPRegen 0.21/turn               D - ring of magical power
MPRegen 0.21/turn               r - +4 ring of evasion

@: short of breath, studying Crossbows
A: spit acid, AC +7, unfitting armour, cold-blooded, acid resistance
a: Breathe Acid, Renounce Religion


You were on level 7 of the Dungeon.
You worshipped Vehumet.
Vehumet was noncommittal.
You visited 2 branches of the dungeon, and saw 8 of its levels.

You collected 305 gold pieces.
You spent 99 gold pieces at shops.


Innate Abilities, Weirdness & Mutations

You can spit globs of acid.
Your golden yellow scales are hard. (AC +7)
You cannot fit into any form of body armour.
You are cold-blooded and may be slowed by cold attacks.
You are resistant to acid. (rCorr)


   Skills:
 + Level 2.4 Fighting
 * Level 3.0 Short Blades
 + Level 5.5 Dodging
 + Level 5.0 Stealth
 + Level 2.5 Shields
 + Level 7.3 Spellcasting
 + Level 8.9 Conjurations


You had 8 spell levels left.
You knew the following spells:

 Your Spells              Type           Power      Damage    Failure   Level
a - Magic Dart            Conj           100%       1d8       1%          1
b - Searing Ray           Conj           98%        2d8       1%          2
c - Dazzling Flash        Conj/Hex       58%        N/A       3%          3
d - Fulminant Prism       Conj/Hex       14%        3d9       12%         4
e - Iskenderun's Mystic   Conj/Tloc      29%        2d7       12%         4

Your spell library contained the following spells:

 Spells                   Type           Power      Damage    Failure   Level
 Shock                    Conj/Air       100%       1d9       1%          1
 Inner Flame              Hex/Fire       8%         N/A       22%         3
 Swiftness                Air            8%         N/A       22%         3
 Airstrike                Air            4%         N/A       58%         4
 Cause Fear               Hex            4%         N/A       58%         4
 Agony                    Necr           8%         N/A       91%         5
 Silence                  Hex/Air        4%         N/A       91%         5
 Discord                  Hex            4%         N/A       100%        8

Inventory:

Hand Weapons
 c - a +4 dagger (weapon) {short}
   (You found it on level 1 of the Dungeon)
 v - a +0 short sword of draining {short}
   (You took it off an orc on level 4 of the Dungeon)
 E - a +2 flail of holy wrath {mace}
   (You took it off an orc on level 6 of the Dungeon)
Missiles
 d - 159 stones {throwing}
 f - 7 poisoned darts {throwing}
Armour
 y - a +0 pair of boots (worn)
   (You found it on level 5 of the Dungeon)
Jewellery
 a - an amulet of reflection (around neck)
   (You found it on level 1 of the Dungeon)
 l - a +6 ring of strength
   (You found it on level 2 of the Dungeon)
 r - a +4 ring of evasion (right hand)
   (You found it on level 4 of the Dungeon)
 D - a ring of magical power (left hand)
   (You found it on level 6 of the Dungeon)
Wands
 b - a wand of polymorph (11)
   (You took it off an orc wizard on level 6 of the Dungeon)
 q - a wand of iceblast (8)
   (You found it on level 6 of the Dungeon)
 z - a wand of mindburst (17)
   (You found it on level 5 of the Dungeon)
 F - a wand of flame (24)
   (You found it on level 7 of the Dungeon)
Scrolls
 g - 3 scrolls of silence {unknown}
 h - 2 scrolls of enchant weapon {unknown}
 i - 4 scrolls of teleportation {@r4}
 k - 2 scrolls of amnesia
 m - a scroll of fear {unknown}
 n - 3 scrolls of fog {unknown}
 p - 3 scrolls of identify {unknown}
 t - a scroll of immolation {unknown}
 u - a scroll of enchant armour {unknown}
 w - a scroll of torment {unknown}
 C - 3 scrolls of blinking {unknown}
 G - a scroll of noise {unknown}
Potions
 e - 2 potions of might {unknown}
 j - a potion of degeneration {unknown}
 o - a potion of haste {unknown}
 s - 5 potions of curing {@q1}
 x - a potion of brilliance {unknown}
 A - a potion of flight {unknown}
 B - 3 potions of lignification {unknown}
 H - a potion of mutation {unknown}

Dungeon Overview and Level Annotations

Branches:
Dungeon (7/15)             Temple (1/1) D:6

Altars:
Ashenzari
Cheibriados
Dithmenos
Elyvilon
Fedhas
Kikubaaqudgha
Makhleb
Nemelex Xobeh
Okawaru
Qazlal
Ru
Sif Muna
Uskayaw
Vehumet
Yredelemnul
Zin
The Shining One

Shops:
D:4

*=! .......
#...................#
.......
#...†...............#
#....##.............#
#....##.............#
##...##.............#
#...##.............#
#.oo#####.##########
#..o# #.# #.o@# #.#
##### #.# #.# #.# #.#
#.#


You could see an orc warrior (corroded), 2 orc priests and an orc wizard.


Message History

Aim: a wyvern (heavily wounded, 83% to hit)
The searing ray hits the wyvern.
The searing ray hits the orc warrior but does no damage. (Press . to maintain the ray.)
The wyvern bites you but does no damage. 😎 MP[-2]
You lost 2 mp, and now have 15/28 mp.
The searing ray hits the wyvern.
The searing ray hits the orc warrior!
The wyvern misses you. You block the wyvern's attack.
The searing ray hits the wyvern!
You kill the wyvern!
Vehumet accepts your kill.
The orc priest shouts!
You block the orc warrior's attack.
Your Short Blades skill increases to level 3! 😎 MP[-1]
You lost 1 mp, and now have 14/28 mp.
Unknown command.
The orc priest calls upon Beogh to heal the orc warrior.
The orc warrior is healed somewhat.
You hear a shout! 😎 MP[+1]
The orc priest invokes the aid of Beogh against you.
Beogh smites you! 😕 HP[-9]
You take 9 damage, and now have 59/68 hp. 😕 HP[+1]
Casting: Searing Ray (safe; 1% risk of failure)
Confirm with . or Enter, or press ? or * to list all spells.
Aiming: Searing Ray (safe; 1% risk of failure)
Press: ? - help, Shift-Dir - straight line, f - orc warrior
Aim: an orc warrior, wielding a +0 long sword and wearing a +0 chain mail (lightly wounded, 81% to hit)
The searing ray hits the orc warrior. (Press . to maintain the ray.)
An orc wizard comes into view. It is wielding a +0 dagger. 😕 MP[-2]
You lost 2 mp, and now have 13/28 mp.
The searing ray hits the orc warrior!
The orc warrior hits you with a +0 long sword! 😕 HP[-8] MP[-1]
You take 8 damage, and now have 52/68 hp.
You lost 1 mp, and now have 12/28 mp.
The searing ray hits the orc warrior.
The orc warrior barely misses you.
The orc priest casts a cantrip, but nothing happens.
The searing ray hits the orc warrior!
You finish channelling your searing ray.
The orc wizard shouts!
The orc warrior hits you with a +0 long sword!
The orc priest mumbles some strange prayers to Beogh against you.
Beogh smites you!
* * * LOW HITPOINT WARNING * * *
😨 HP[-22] MP[-1]
You take 22 damage, and now have 30/68 hp.
MASSIVE DAMAGE!! (PAUSE)
You lost 1 mp, and now have 11/28 mp.
Press: ? - help, Shift-Dir - straight line, f - orc priest, p - orc warrior
Aim: an orc priest, wielding a +0 short sword (64% to hit)
Okay, then.
Aiming: Magic Dart (safe; 1% risk of failure)
Press: ? - help, Q - select action, (/) - cycle Shift-Dir - straight line, f/p - orc warrior
Aim: an orc warrior, wielding a +0 long sword and wearing a +0 chain mail (severely wounded, 100% to hit)
The magic dart hits the orc warrior.
The orc warrior closely misses you. 😨 HP[+1] MP[-1]
You lost 1 mp, and now have 10/28 mp.
Press: ? - help, Shift-Dir - straight line, f - orc priest, p - orc warrior
Aim: an orc priest, wielding a +0 mace (64% to hit)
You spit a glob of acid.
The glob of acid hits something!!
The acid splashes onto the orc priest!
The orc priest is splashed with acid.
The acid splashes onto the orc warrior!
The orc warrior is splashed with acid.
The acid corrodes the orc warrior!
Vehumet accepts your kill.
Reactivating autopickup.
You feel a bit more experienced.
The orc priest calls down the wrath of Beogh upon you.
Beogh smites you!
* * * LOW HITPOINT WARNING * * *
The orc warrior misses you. 😨 HP[-13]
You take 13 damage, and now have 18/68 hp.
Casting: Magic Dart (safe; 1% risk of failure)
Confirm with . or Enter, or press ? or * to list all spells.
Aiming: Searing Ray (safe; 1% risk of failure)
Press: ? - help, Shift-Dir - straight line, f/p - orc priest
Aim: an orc priest, wielding a +0 mace (83% to hit)
The searing ray hits the orc priest.
The searing ray misses the orc wizard. (Press . to maintain the ray.)
The orc priest calls upon Beogh to heal the orc priest.
The orc priest is healed somewhat.
The orc warrior misses you.
The orc priest mumbles some strange prayers to Beogh against you.
Beogh smites you!
* * * LOW HITPOINT WARNING * * *
😱 HP[-13] MP[-2]
You take 13 damage, and now have 5/68 hp.
You lost 2 mp, and now have 8/28 mp.
The searing ray hits the orc priest!
The searing ray hits the orc wizard.
The orc warrior closely misses you.
The orc priest mumbles some strange prayers to Beogh against you.
Beogh smites you!
You die...

Skill      XL: |  1  2  3  4  5  6  7  8  9 |
---------------+----------------------------+-----
Conjurations   | 5 6 7 8 |  8.9
Dodging        | 2 3 4 5 |  5.5
Spellcasting   | 3 4 5 6 7 |  7.3
Stealth        | 2 4 5 |  5.0
Short Blades   | 1 3 |  3.0
Shields        | 1 2 |  2.5
Fighting       | 1 2 |  2.4

Action                   |  1- 3 |  4- 6 |  7- 9 || total
-------------------------+-------+-------+-------++-------
Melee: Dagger            |    30 |    12 |     9 ||    51
       Unarmed           |     1 |       |       ||     1
       Tailslap          |     1 |       |     4 ||     5
 Cast: Magic Dart        |    70 |    49 |    72 ||   191
       Searing Ray       |     7 |    22 |    33 ||    62
       Fulminant Prism   |       |       |     3 ||     3
       Iskenderun's Myst |       |       |     1 ||     1
 Abil: Breathe Acid      |       |       |    16 ||    16
  Use: Scroll            |       |     1 |     1 ||     2
Armor: Skin              |    10 |     7 |     7 ||    24
Dodge: Dodged            |    11 |    18 |    57 ||    86
Block: Other             |    10 |     3 |    10 ||    23
       Reflection        |     2 |     1 |       ||     3

Levels and vault maps discovered:
D:1:      evilmike_arrival_come_back, layout_loops_corners,
          hellmonk_ecumenical_altar_lost_god
D:2:      layout_basic
D:3:      layout_loops_ring, bloody_makhleb
D:4:      layout_loops_cross, serial_shops, nicolae_shop_hallway_plus,
          nicolae_shop_crystal, nicolae_shop_waterfront, hangedman_decor_push,
          hangedman_decor_clover_reticule, minivault_25,
          corexii_leaking_fountain, chequers_serial_rivers_small_3,
          minmay_manual_mares, uniq_pikel
D:5:      cheibrodos_barr_body, layout_basic
D:6:      layout_rooms, temple_pool_b, uniq_maggie
D:7:      old_forge, layout_basic, kennysheep_little_box
Temple:   regret_index_temple_sphere_string

Notes
Turn   | Place    | Note
-------+----------+-------------------------------------------
     0 | D:1      | mortz the Draconian Conjurer began the quest for the Orb.
     0 | D:1      | Reached XP level 1. HP: 14/14 MP: 3/3
     0 | D:1      | magus.rc [v1.9.6]
   255 | D:1      | Reached XP level 2. HP: 18/20 MP: 0/5
   258 | D:1      | Learned a level 2 spell: Searing Ray
   763 | D:1      | Found a faded altar of an unknown god.
  1109 | D:1      | Reached XP level 3. HP: 26/26 MP: 4/6
  1939 | D:2      | You pick up a book of Hexes and begin reading...
  1939 | D:2      | You add the spells Inner Flame, Cause Fear and Discord to
                  | your library.
  2138 | D:3      | Reached skill level 5 in Conjurations
  2209 | D:3      | Reached skill level 2 in Dodging
  2390 | D:3      | Reached XP level 4. HP: 33/33 MP: 4/8
  2606 | D:3      | Found a burning altar of Makhleb.
  2620 | D:3      | You pick up a book of Air and begin reading...
  2620 | D:3      | You add the spells Shock, Swiftness and Airstrike to your
                  | library.
  2851 | D:3      | Reached skill level 3 in Spellcasting
  3052 | D:4      | Found Ypped's Jewellery Shoppe.
  3384 | D:4      | Reached skill level 2 in Stealth
  3384 | D:4      | Reached XP level 5. HP: 38/38 MP: 3/9
  3461 | D:4      | Noticed a centaur
  3466 | D:4      | Noticed a centaur
  3472 | D:4      | Killed a centaur
  3476 | D:4      | Killed a centaur
  3477 | D:4      | Reached skill level 1 in Short Blades
  3477 | D:4      | Reached skill level 1 in Shields
  3477 | D:4      | Reached XP level 6. HP: 12/46 MP: 0/11
  3836 | D:4      | Found Sorhuerch's Distillery.
  3844 | D:4      | Bought a potion of curing for 39 gold pieces
  4157 | D:4      | Found Yqerexya's Assorted Antiques.
  4168 | D:4      | Bought a scroll labelled FOBLIOTSOU for 20 gold pieces
  4168 | D:4      | Bought a scroll labelled MODIUNLUXUR for 20 gold pieces
  4168 | D:4      | Bought a scroll labelled ROSOIFRONOPS for 20 gold pieces
  4635 | D:5      | Entered Level 5 of the Dungeon
  5068 | D:5      | Reached skill level 4 in Spellcasting
  5068 | D:5      | Reached skill level 6 in Conjurations
  5157 | D:5      | Reached skill level 3 in Dodging
  5157 | D:5      | Your scales start taking on a golden yellow colour.
  5157 | D:5      | Reached XP level 7. HP: 51/51 MP: 5/13
  5157 | D:5      | Gained mutation: You are resistant to acid. (rCorr) [Yellow
                  | Draconian growth]
  5366 | D:5      | Reached skill level 3 in Stealth
  5449 | D:5      | You pick up a book of the Senses and begin reading...
  5449 | D:5      | You add the spells Agony and Silence to your library.
  5475 | D:5      | You pick up a book of Air and begin reading...
  5585 | D:5      | Noticed a two-headed ogre
  5597 | D:5      | Killed a two-headed ogre
  5598 | D:5      | Reached skill level 1 in Fighting
  5598 | D:5      | Reached skill level 4 in Stealth
  5598 | D:5      | Reached skill level 5 in Spellcasting
  5598 | D:5      | Reached skill level 7 in Conjurations
  5598 | D:5      | Reached XP level 8. HP: 21/59 MP: 6/16
  6174 | D:5      | Noticed a two-headed ogre
  6181 | D:5      | Killed a two-headed ogre
  6182 | D:5      | Reached skill level 4 in Dodging
  6182 | D:5      | Reached skill level 2 in Shields
  6182 | D:5      | Reached skill level 6 in Spellcasting
  6182 | D:5      | Reached skill level 8 in Conjurations
  6182 | D:5      | Reached XP level 9. HP: 17/64 MP: 9/18
  7167 | D:6      | Reached skill level 2 in Fighting
  7326 | D:6      | Learned a level 3 spell: Dazzling Flash
  7331 | D:6      | Learned a level 4 spell: Fulminant Prism
  7336 | D:6      | Learned a level 4 spell: Iskenderun's Mystic Blast
  7517 | D:6      | Reached skill level 5 in Stealth
  7680 | D:6      | Reached skill level 5 in Dodging
  7710 | D:6      | Noticed Maggie
  7725 | D:6      | Killed Maggie
  7726 | D:6      | Reached skill level 7 in Spellcasting
  7869 | D:6      | Found a staircase to the Ecumenical Temple.
  7887 | Temple   | Entered the Ecumenical Temple
  8011 | Temple   | Became a worshipper of Vehumet
  8136 | D:7      | Reached skill level 2 in Short Blades
  8403 | D:7      | Reached skill level 3 in Short Blades
  8415 | D:7      | HP: 5/68 [orc priest/divine providence (13)]
  8416 | D:7      | Killed from afar by an orc priest

Vanquished Creatures
  2 two-headed ogres (D:5)
  Maggie (D:6)
  A vampire (D:7)
  A wyvern (D:7)
  An orc warrior (D:7)
  A black bear (D:6)
  3 ice beasts
  An ogre (D:6)
  2 lemures (D:4)
  3 centaurs
  A kobold brigand (D:7)
  5 scorpions
  A bullfrog zombie (D:6)
  3 hounds
  3 bullfrog skeletons
  3 orc priests
  3 iguanas (D:5)
  2 scorpion zombies (D:5)
  7 orc wizards
  A hound zombie (D:5)
  A hound skeleton (D:5)
  3 gnolls (D:3)
  8 adders
  A shadow imp (D:7)
  A white imp (D:6)
  An ufetubus (D:5)
  An adder skeleton (D:4)
  A worm (D:4)
  2 dart slugs
  16 orcs
  2 endoplasms
  6 giant cockroaches
  8 goblins
  7 hobgoblins
  7 jackals
  3 quokkas
  5 ball pythons
  4 bats
  6 frilled lizards
  11 kobolds
  3 rats (D:1)
142 creatures vanquished.

Vanquished Creatures (others)
  3 fulminant prisms (D:7)
3 creatures vanquished.

Grand Total: 145 creatures vanquished

Table legend:
 A = Non-vault XP
 B = Vault XP
 C = Vault XP percentage of total XP
 D = Non-vault monster count
 E = Vault monster count
 F = Vault count percentage of total count
                 A         B        C        D         E       F
            +---------+---------+-------+---------+---------+-------
      Total |    3369 |    1915 |  36.2 |     123 |      17 |  12.1
            +---------+---------+-------+---------+---------+-------
        D:1 |      41 |       0 |   0.0 |      26 |       0 |   0.0
        D:2 |      32 |       0 |   0.0 |      13 |       0 |   0.0
        D:3 |      83 |       0 |   0.0 |      17 |       0 |   0.0
        D:4 |      67 |     220 |  76.7 |      13 |       2 |  13.3
        D:5 |    1370 |    1300 |  48.7 |      18 |      14 |  43.8
        D:6 |     919 |     395 |  30.1 |      20 |       1 |   4.8
        D:7 |     857 |       0 |   0.0 |      16 |       0 |   0.0
            +---------+---------+-------+---------+---------+-------

Illustrated notes

Table legend:
 A = Kills in this place as a percentage of kills in entire the game.
 B = Kills by you in this place as a percentage of kills by you in the entire game.
 C = Kills by friends in this place as a percentage of kills by friends in the entire game.
 D = Other kills in this place as a percentage of other kills in the entire game.
 E = Experience gained in this place as a percentage of experience gained in the entire game.
 F = Experience gained in this place divided by the number of levels of this place that you have seen.
                   A       B       C       D       E      F
               +-------+-------+-------+-------+-------+----------------------
         Total | 100.0 | 100.0 |   N/A |   N/A | 100.0 | 660.5
       Dungeon | 100.0 | 100.0 |   N/A |   N/A | 100.0 | 754.9
               +-------+-------+-------+-------+-------+----------------------

Table legend: (Time is in decaauts)
 A = Elapsed time spent in this place.
 B = Non-inter-level travel time spent in this place.
 C = Inter-level travel time spent in this place.
 D = Time resting spent in this place.
 E = Time spent auto-exploring this place.
 F = Levels seen in this place.
 G = Mean time per level.
                   A        B        C        D        E       F      G
               +--------+--------+--------+--------+--------+-----+--------+
         Total |   8421 |   8092 |    329 |   2754 |   4212 |   8 | 1052.6 |
       Dungeon |   8257 |   7953 |    304 |   2754 |   4088 |   7 | 1179.6 |
        Temple |    164 |    139 |     25 |      0 |    124 |   1 |  164.0 |
               +--------+--------+--------+--------+--------+-----+--------+

Top non-repeatable levels by time:
     D:5: 2186 daAuts
     D:4: 1608 daAuts
     D:1: 1327 daAuts
     D:6: 1233 daAuts
     D:3: 907 daAuts
     D:2: 794 daAuts
     D:7: 200 daAuts
  Temple: 164 daAuts
